 Dungeon Crawl Stone Soup version 0.18.1-50-g88ac8fd (webtiles) character file.

3395 nikopol the Cleaver (level 9, 0/123 HPs)
             Began as a Minotaur Berserker on Oct 1, 2016.
             Was a High Priest of Trog.
             Succumbed to a killer bee's poison
             ... on level 7 of the Dungeon.
             The game lasted 00:19:45 (6644 turns).

nikopol the Cleaver (Minotaur Berserker)            Turns: 6644, Time: 00:19:45

Health: 0/123      AC: 24    Str: 22    XL:     9   Next: 75%
Magic:  8/8        EV:  2    Int:  4    God:    Trog [*****.]
Gold:   414        SH:  0    Dex: 13    Spells: 0 memorised, 8 levels left

rFire  . . .     SeeInvis .     a - +0 hand axe
rCold  . . .     Gourm    .     (armour currently unavailable)
rNeg   + + +     Faith    .     (no shield)
rPois  +         Spirit   .     (helmet currently unavailable)
rElec  .         Dismiss  .     (cloak currently unavailable)
rCorr  .         Reflect  .     (gloves currently unavailable)
SustAt .         Harm     .     (boots currently unavailable)
MR     ++...     NoTele   +     (no amulet)
Stlth  +.........               (no ring)
                                (no ring)

@: lethally poisoned (0 -> -3), exhausted, tree-form, regenerating, slowed, very
slow, very resistant to hostile enchantments, very unstealthy
A: (retaliatory headbutt), (horns 0)
a: Berserk, Trog's Hand, Brothers in Arms, Burn Spellbooks, Renounce Religion


You were on level 7 of the Dungeon.
You worshipped Trog.
Trog was extremely pleased with you.
You were very hungry.
You were a tree.
You visited 1 branch of the dungeon, and saw 7 of its levels.

You collected 414 gold pieces.

Inventory:

Hand Weapons
 a - a +0 hand axe (weapon)
 z - a +0 shortbow
Missiles
 e - 103 arrows
Armour
 b - a +0 animal skin
 d - a +0 ring mail
 v - the cursed +1 scale mail "Giomm" (melded) {*Contam +Inv rElec rF++}
   (You found it on level 5 of the Dungeon)

   It greatly protects you from fire.
   It insulates you from electricity.
   It lets you turn invisible.
   It causes magical contamination when unequipped.
   It has a curse placed upon it.
Jewellery
 r - an uncursed ring of protection from cold {unknown}
 x - a cursed -3 ring of strength {unknown}
Wands
 t - a wand of enslavement (1/24)
Scrolls
 f - 4 scrolls of remove curse {unknown}
 g - 3 scrolls of fear {unknown}
 i - 2 scrolls of immolation {unknown}
 k - 2 scrolls of random uselessness {unknown}
 l - 3 scrolls of identify {unknown}
 n - 3 scrolls of enchant weapon {unknown}
 o - a scroll of blinking {unknown}
 p - 2 scrolls of teleportation {unknown}
Potions
 h - 3 potions of lignification
 j - a potion of heal wounds {unknown}
 m - a potion of agility {unknown}
 q - a potion of brilliance {unknown}
 s - 2 potions of curing {unknown}
 w - a potion of ambrosia {unknown}
Books
 u - a book of Summonings

   Spells                             Type                      Level
   a - Recall                         Summoning/Translocation      3
   b - Aura of Abjuration             Summoning                    5
   c - Summon Demon                   Summoning                    5
   d - Summon Forest                  Summoning/Translocation      5
   e - Summon Mana Viper              Hexes/Summoning              5
   f - Shadow Creatures               Summoning                    6
   Trog disapproves of the use of such an item.
Comestibles
 c - 5 bread rations
 y - a beef jerky
 A - a chunk of flesh


   Skills:
 + Level 8.3 Fighting
 * Level 9.4 Axes
 * Level 4.0 Bows
 + Level 8.3 Armour
 + Level 7.5 Dodging


You had 8 spell levels left.
You didn't know any spells.

Dungeon Overview and Level Annotations

Branches:
Dungeon (7/15)             Temple (0/1) D:6

Altars:
Cheibriados
Ru
Trog
Yredelemnul
The Shining One

Shops:
D:6 [


Innate Abilities, Weirdness & Mutations

((You reflexively headbutt those who attack you in melee.))
((You have a pair of horns on your head.))


Message History

You feel yourself slow down.
You are feeling very hungry.
* * * LOW HITPOINT WARNING * * *
You feel sick.
* * * LOW HITPOINT WARNING * * *
You feel very sick.
* * * LOW HITPOINT WARNING * * *
You feel very sick.
* * * LOW HITPOINT WARNING * * *
You feel very sick.
Your skin crawls.
You feel resistant to hostile enchantments.
You feel slightly more hungry.
* * * LOW HITPOINT WARNING * * *
You feel very sick.
Drink which item? (? for menu, Esc to quit)
It was a potion of lignification.
You turn into a tree.
The cursed +1 scale mail "Giomm" {*Contam +Inv rElec rF++} melds into your body.
Your roots penetrate the ground.
You die...

##...#.# .....
##..##..........
##..##.........##
##..##..........#
##..##.....<......
##..##...........
##.†##............
...#..#..............
......†(.....♣.......
#...........?........
##...................
#...........#########
#.......?..###
..#.......##
##.....## ##..#..


There were no monsters in sight!

Vanquished Creatures
  Grinder (D:3)
  2 orc warriors
  3 sky beasts
  An eye of draining (D:7)
  2 ice beasts (D:6)
  3 ogres
  A phantom (D:7)
  2 centaurs (D:6)
  A wyvern zombie (D:7)
  3 giant frogs
  3 scorpions
  A wyvern skeleton (D:6)
  6 killer bees (D:7)
  An electric eel (D:6)
  2 howler monkeys
  A giant frog zombie (D:5)
  A crimson imp (D:7)
  3 orc wizards
  7 hounds
  A jelly (D:7)
  3 orc priests
  3 iguanas
  Ijyb (D:2)
  5 worker ants
  Natasha (thrice) (D:3)
  2 hound skeletons (D:4)
  Robin (D:2)
  4 gnolls
  11 adders
  3 shadow imps (D:5)
  An adder skeleton (D:6)
  7 worms
  2 dart slugs
  7 giant geckos
  16 orcs
  4 bats
  4 giant cockroaches
  18 goblins
  8 hobgoblins
  9 jackals
  11 kobolds
  3 quokkas
  A ball python (D:5)
  3 giant newts
  A quokka skeleton (D:4)
  12 rats
188 creatures vanquished.

Notes
Turn   | Place    | Note
--------------------------------------------------------------
     0 | D:1      | nikopol the Minotaur Berserker began the quest for the Orb.
     0 | D:1      | Reached XP level 1. HP: 19/19 MP: 0/0
   256 | D:1      | Reached XP level 2. HP: 26/27 MP: 1/1
   795 | D:2      | Reached ** piety under Trog
   813 | D:2      | Reached skill level 4 in Axes
   827 | D:2      | Found a glowing golden altar of the Shining One.
   906 | D:2      | Reached XP level 3. HP: 32/33 MP: 2/2
  1273 | D:2      | Noticed Robin
  1277 | D:2      | Reached XP level 4. HP: 37/40 MP: 3/3
  1285 | D:2      | Killed Robin
  1335 | D:2      | Noticed Ijyb
  1348 | D:2      | Killed Ijyb
  1483 | D:2      | Reached *** piety under Trog
  1637 | D:2      | Reached XP level 5. HP: 47/47 MP: 4/4
  1735 | D:2      | You fall through a shaft for 2 floors!
  1755 | D:4      | Noticed an ogre
  1761 | D:4      | Killed an ogre
  1761 | D:4      | Reached skill level 5 in Axes
  1977 | D:2      | Noticed a moth of wrath
  1980 | D:2      | Found a bloodstained altar of Trog.
  1988 | D:2      | Reached XP level 6. HP: 43/55 MP: 5/5
  1995 | D:2      | Reached skill level 5 in Fighting
  2229 | D:3      | Noticed Natasha
  2232 | D:3      | Killed Natasha
  2325 | D:3      | Found a sacrificial altar of Ru.
  2329 | D:3      | Noticed Grinder
  2331 | D:3      | Found a snail-covered altar of Cheibriados.
  2346 | D:3      | Killed Grinder
  2346 | D:3      | Reached skill level 5 in Armour
  2346 | D:3      | Reached XP level 7. HP: 48/61 MP: 6/6
  2437 | D:3      | Noticed Natasha
  2448 | D:3      | Killed Natasha
  2468 | D:3      | Noticed Natasha
  2475 | D:3      | Killed Natasha
  2641 | D:3      | Reached **** piety under Trog
  2650 | D:3      | Reached skill level 5 in Dodging
  3060 | D:4      | Reached skill level 6 in Axes
  3672 | D:4      | Reached XP level 8. HP: 60/71 MP: 7/7
  3749 | D:5      | Entered Level 5 of the Dungeon
  4124 | D:5      | Got a bloodstained scale mail
  4135 | D:5      | Identified the cursed +1 scale mail "Giomm" {*Contam +Inv rElec rF++} (You found it on level 5 of the Dungeon)
  4571 | D:5      | Reached skill level 7 in Axes
  4764 | D:6      | Reached ***** piety under Trog
  5412 | D:6      | Found a basalt altar of Yredelemnul.
  5440 | D:6      | Reached XP level 9. HP: 80/80 MP: 8/8
  5459 | D:6      | Found a staircase to the Ecumenical Temple.
  5483 | D:6      | Found Caxt's Armour Shop.
  5660 | D:6      | Reached skill level 8 in Axes
  5660 | D:6      | Reached skill level 1 in Bows
  6511 | D:7      | Reached skill level 9 in Axes
  6642 | D:7      | HP: 4/82 [poisoned by a killer bee]
  6643 | D:7      | HP: 1/82 [poisoned by a killer bee]
  6644 | D:7      | Succumbed to a killer bee's poison

Skill      XL: |  1  2  3  4  5  6  7  8  9 |
---------------+----------------------------+-----
Axes           | 4 5 6 7 9 |  9.4
Armour         | 3 4 5 6 7 8 |  8.3
Dodging        | 3 4 5 6 7 |  7.5
Fighting       | 4 5 6 7 8 |  8.3
Bows           | 4 |  4.0

Action                   |  1- 3 |  4- 6 |  7- 9 || total
-------------------------+-------+-------+-------++-------
Melee: Hand axe          |    77 |    91 |   304 ||   472
       Headbutt          |    13 |    22 |    69 ||   104
 Fire: Shortbow          |       |       |    71 ||    71
Invok: Berserk           |       |     1 |     5 ||     6
       Burn Spellbooks   |       |       |     2 ||     2
       Trog's Hand       |       |       |     1 ||     1
  Use: Potion            |       |       |     1 ||     1
 Stab: Sleeping          |       |       |     1 ||     1
  Eat: Chunk             |     1 |     5 |    13 ||    19
       Bread ration      |       |       |     1 ||     1
Armor: Ring mail         |    28 |    33 |    30 ||    91
       Animal skin       |     1 |       |       ||     1
       Scale mail        |       |       |    61 ||    61
Dodge: Dodged            |    64 |    58 |   217 ||   339
